cohdb
Replays
Latest Replays
All Replays
Popular Replays
Top Player Replays
Match Explorer
How It Works
Community
CoH3 Stats
Reddit
Sign in to upload your games and track your stats! →
Sign in with Steam
Match 43177718
Unlisted
Match 43177718
Overview
Messages
Build Orders
End
Selects Italian Combined Arms Battlegroup
Selects Bersaglieri Squad
Bersaglieri Squad
Kradschützen Motorcycle Team
Bersaglieri Squad
Bersaglieri Squad
Construct Light Support Kompanie
2.5-tonne Medical Truck
Selects Bersaglieri Bolster
Construct Mechanized Kompanie
Panzerjäger Mechanized Group
Selects Breda Model 30 Light Machine Guns
Veteran Squad Leaders
Support Armor Elements
StuG III D Assault Gun
Pak 38 Mechanized Group
StuG III D Assault Gun
Construct Panzerarmee Kommand
Armored Reserves
Selects Semovente da 75/18 Assault Gun
Selects Strafing Run
Selects Artillery Cover
Panzer IV Assault Group
Strafing Run
Artillery Cover
Flak 36 Anti-tank Gun Team
Porygon
Antemurale
0
0
Comments
sign in to comment!
No comments posted yet!